 Dungeon Crawl Stone Soup version 0.19.0 (webtiles) character file.

107 varam the Firebug (level 4, 0/30 HPs)
             Began as a Mummy Fire Elementalist on Nov 1, 2016.
             Slain by an orc wizard
             ... wielding a +0 dagger
              (5 damage)
             ... on level 3 of the Dungeon.
             The game lasted 00:05:38 (3902 turns).

varam the Firebug (Mummy Fire Elementalist)         Turns: 3902, Time: 00:05:39

Health: 0/30       AC:  2    Str: 11    XL:     4   Next: 57%
Magic:  1/8        EV: 12    Int: 15    God:
Gold:   89         SH:  0    Dex: 12    Spells: 2 memorised, 5 levels left

rFire  x . .     SeeInvis .     h - +4 dagger
rCold  + . .     Gourm    .     a - +0 robe
rNeg   + + +     Faith    .     (no shield)
rPois  ∞         Spirit   .     (no helmet)
rElec  .         Reflect  .     (no cloak)
rCorr  .         Harm     .     (no gloves)
MR     .....                    (no boots)
Stlth  ++........               (no amulet)
                                (no ring)
                                (no ring)

@: no status effects
A: no food or potions, fire vulnerability, cold resistance 1, negative energy
resistance 3, torment resistance, unbreathing
a: no special abilities


You were on level 3 of the Dungeon.
You were not hungry.

You visited 1 branch of the dungeon, and saw 3 of its levels.

You collected 89 gold pieces.

Inventory:

Hand Weapons
 h - a +4 dagger (weapon)
Armour
 a - a +0 robe (worn)
Scrolls
 c - a scroll of blinking {unknown}
 d - a scroll of identify {unknown}
 e - a scroll of random uselessness {unknown}
 f - 2 scrolls of immolation {unknown}
 g - 2 scrolls of remove curse {unknown}
Books
 b - a book of Flames

   Spells                             Type                      Level
   a - Flame Tongue                   Conjuration/Fire             1
   b - Throw Flame                    Conjuration/Fire             2
   c - Conjure Flame                  Conjuration/Fire             3
   d - Inner Flame                    Hexes/Fire                   3
   e - Sticky Flame                   Conjuration/Fire             4
   f - Fireball                       Conjuration/Fire             5


   Skills:
 - Level 1.5 Dodging
 - Level 1.5 Stealth
 + Level 2.7 Spellcasting
 + Level 2.2 Conjurations
 + Level 3.3 Fire Magic


You had 5 spell levels left.
You knew the following spells:

 Your Spells              Type           Power        Failure   Level  Hunger
a - Flame Tongue          Conj/Fire      ##...        10%         1    N/A
c - Throw Flame           Conj/Fire      ##....       12%         2    N/A

Dungeon Overview and Level Annotations

Branches:
Dungeon (3/15)

Altars:


Innate Abilities, Weirdness & Mutations

You do not eat or drink.
Your flesh is vulnerable to fire.
You are immune to poison.
Your flesh is cold resistant. (rC+)
You are immune to negative energy. (rN+++)
You are immune to unholy pain and torment.
You can survive without breathing.


Message History

The puff of flame hits you! The fire burns you terribly!
Ouch! That really hurt!
A magic dart appears from out of thin air!
The magic dart hits you!
* * * LOW HITPOINT WARNING * * *
The orc wizard casts a spell at you.
The magic dart hits something.
You are confused.
You bump into the rock wall.
You're too confused to move!
You bump into the rock wall.
You bump into the rock wall.
Something hits you but does no damage.
You bump into the rock wall.
You feel less confused. Something hits you.
* * * LOW HITPOINT WARNING * * *
You barely miss something.
The orc wizard mumbles some strange words.
The orc wizard blinks!
Something hits you.
You die...

#.........#
..o.......#
..........#
....#o##### ....#o#
......# ......#
#.....################
...........)..§.@o...#
#.....##############.#
#...... ......#
..###.# .. #.# . ..#
##


You could see an orc wizard.

Vanquished Creatures
  An orc priest (D:3)
  An adder (D:2)
  An ooze (D:1)
  2 worms (D:2)
  A dart slug (D:1)
  A leopard gecko (D:1)
  2 orcs (D:3)
  5 bats
  A giant cockroach (D:2)
  7 goblins
  7 hobgoblins
  5 jackals (D:1)
  A ball python (D:1)
  5 frilled lizards
  6 kobolds
  8 rats
54 creatures vanquished.

Notes
Turn   | Place    | Note
-------+----------+-------------------------------------------
     0 | D:1      | varam the Mummy Fire Elementalist began the quest for the Orb.
     0 | D:1      | Reached XP level 1. HP: 13/13 MP: 3/3
   105 | D:1      | Reached skill level 1 in Conjurations
   508 | D:1      | Reached XP level 2. HP: 16/19 MP: 1/5
   747 | D:1      | HP: 1/19 [jackal (2)]
  1255 | D:1      | Learned a level 2 spell: Throw Flame
  1633 | D:1      | Reached skill level 3 in Fire Magic
  1637 | D:1      | Reached XP level 3. HP: 24/24 MP: 1/6
  2478 | D:1      | Noticed a phantom
  3227 | D:2      | Reached skill level 2 in Conjurations
  3385 | D:2      | Reached XP level 4. HP: 30/30 MP: 5/7
  3902 | D:3      | Slain by an orc wizard

Skill      XL: |  1  2  3 |
---------------+----------+-----
Conjurations   | 1 2 |  2.2
Fire Magic     | 3 |  3.3
Dodging        | |  1.5
Stealth        | |  1.5
Spellcasting   | |  2.7

Action                   |  1- 3 |  4- 6 || total
-------------------------+-------+-------++-------
Melee: Unarmed           |     8 |       ||     8
       Hand axe          |    19 |       ||    19
       Dagger            |    29 |    12 ||    41
 Cast: Flame Tongue      |    37 |    17 ||    54
       Throw Flame       |    17 |     3 ||    20
 Stab: Sleeping          |     1 |     1 ||     2
Armor: Robe              |    21 |     2 ||    23
Dodge: Dodged            |    90 |    10 ||   100
